[Event "Tuesday 30 January Rapid Engine Tour 12+1 Rounds 9 Starts 1600 ST"]
[Site "Infinity Chess"]
[Date "2018.1.30"]
[Round "3"]
[White "Thinker"]
[Black "IronMan"]
[Result "1/2-1/2"]
[ECO "B00"]
[WhiteElo "2398"]
[BlackElo "2412"]
[WhiteEngine "stockfish_18013009_x64_modern_CTG"]
[BlackEngine "Eman 1.68c 64-bit BMI2"]
[EventType "Swiss"]
[WhiteTeam ""]
[BlackTeam ""]
[PlyCount "157"]
[TimeControl "720+1"]

1. e4 Nc6 2. Nf3 e5 3. Bc4 Nf6 4. d3 Bc5 5. c3 d6 6. O-O h6 7. h3 O-O 8. Re1 a5 
9. Nbd2 Bd7 10. a4 Be6 11. b3 Ne7 12. Nf1 Ng6 13. Bxe6 fxe6 14. d4 exd4 
15. cxd4 Bb4 16. Bd2 Bxd2 17. Qxd2 Rf7 18. Rac1 c6 19. Ng3 Nh7 20. Rc3 Qd7 
21. Rce3 Qe7 22. Rf1 Raf8 23. Ne1 Qd8 24. Nd3 Ng5 25. Qc1 d5 26. e5 Nh4 
27. Rfe1 Rc7 28. Qd1 Rcf7 29. Qg4 Kh7 30. f4 Ne4 31. Nxe4 dxe4 32. Rxe4 Nf5 
33. Qd1 Ng3 34. Nc5 Qd5 35. R4e3 Nf5 36. Rd3 Nh4 37. Qc2 Kh8 38. Ne4 Rxf4 
39. Nc3 Qd7 40. Ne4 Qd5 41. Nc3 Qd7 42. Ne4 b6 43. Nd6 Nf5 44. Nxf5 R8xf5 
45. Qc3 Qd5 46. Qc4 Qd7 47. Qc3 Rf2 48. Rc1 Qd8 49. Qxc6 Qh4 50. Qc8+ Kh7 
51. Qc3 Rg5 52. g3 Rff5 53. Kg2 Qe4+ 54. Kg1 Qh4 55. g4 Qf2+ 56. Kh1 h5 
57. Qe1 Qxe1+ 58. Rxe1 hxg4 59. d5 Rf3 60. Rde3 Rh5 61. Rxf3 gxf3 62. dxe6 f2 
63. Rd1 Rxe5 64. Kg2 Rxe6 65. Kxf2 Rc6 66. Rd5 Rc2+ 67. Ke1 Rb2 68. Rh5+ Kg6 
69. Rb5 Rh2 70. Rxb6+ Kh7 71. Rb5 Rxh3 72. Kd2 g6 73. Kc2 Rh2+ 74. Kc3 Rh5 
75. b4 axb4+ 76. Rxb4 Kh6 77. Rb8 Rh3+ 78. Kb4 Kg7 79. a5 1/2-1/2

[Event "Tuesday 30 January Rapid Engine Tour 12+1 Rounds 9 Starts 1600 ST"]
[Site "Infinity Chess"]
[Date "2018.1.30"]
[Round "3"]
[White "angriff"]
[Black "BraveDevil"]
[Result "1/2-1/2"]
[ECO "A50"]
[WhiteElo "2426"]
[BlackElo "2428"]
[WhiteEngine "Stockfish SL FA POPCNT_CTG"]
[BlackEngine "Cryptic AIL V2"]
[EventType "Swiss"]
[WhiteTeam ""]
[BlackTeam ""]
[PlyCount "128"]
[TimeControl "720+1"]

1. d4 Nf6 2. c4 c6 3. Nf3 d5 4. cxd5 cxd5 5. Nc3 Nc6 6. Bf4 Nh5 7. Bd2 e6 
8. Rc1 Be7 9. e3 Nf6 10. Bb5 O-O 11. O-O Bd7 12. Bd3 Rc8 13. Ne5 Ne8 14. Ne2 Nd6 
15. Qb3 g6 16. Nf4 a6 17. Bc3 b5 18. Be2 Nc4 19. Nfd3 N6xe5 20. dxe5 a5 
21. Qd1 b4 22. Bd4 Bb5 23. Nf4 Rc6 24. b3 Na3 25. Rxc6 Bxc6 26. Qd2 Qb8 
27. Bb2 Rc8 28. Rc1 Nb5 29. g3 Bf8 30. Rc2 Bd7 31. Bf1 Rc5 32. Rxc5 Bxc5 
33. Ne2 Bb6 34. Nd4 Na3 35. Bd3 Qc7 36. Ne2 Nb5 37. h4 h5 38. Kf1 Na7 
39. Bd4 Bb5 40. Bxb5 Nxb5 41. Bxb6 Qxb6 42. Qc1 Kg7 43. f4 Qb7 44. Kg1 d4 
45. Nxd4 Nxd4 46. exd4 Qd5 47. Qd2 Qf3 48. Kh2 Qe4 49. Qd1 Kg8 50. Kh3 Kh7 
51. Qg1 Kg8 52. Kh2 Kf8 53. Kh3 Ke7 54. Kh2 Qd3 55. Qf2 Kf8 56. Kg2 Kg8 
57. Kh3 Qf5+ 58. Kg2 Kf8 59. Qf3 Kg7 60. Qe3 Kg8 61. Qd2 Kg7 62. Kh2 Qe4 
63. Qf2 Kf8 64. Qd2 Kg7 1/2-1/2

[Event "Tuesday 30 January Rapid Engine Tour 12+1 Rounds 9 Starts 1600 ST"]
[Site "Infinity Chess"]
[Date "2018.1.30"]
[Round "3"]
[White "KhalidOmar"]
[Black "KULLANI"]
[Result "1/2-1/2"]
[ECO "C77"]
[WhiteElo "2444"]
[BlackElo "2425"]
[WhiteEngine "Eman 1.68c 64-bit BMI2"]
[BlackEngine "BrainFish_180124_x64_CTG"]
[EventType "Swiss"]
[WhiteTeam ""]
[BlackTeam ""]
[PlyCount "200"]
[TimeControl "720+1"]

1. e4 e5 2. Nf3 Nc6 3. Bb5 a6 4. Ba4 Nf6 5. O-O Be7 6. Re1 b5 7. Bb3 O-O 
8. c3 d5 9. exd5 Nxd5 10. Nxe5 Nxe5 11. Rxe5 c6 12. d4 Bd6 13. Re2 Bg4 
14. f3 Bf5 15. Bxd5 cxd5 16. Nd2 Bd3 17. Rf2 b4 18. Nb3 Bc4 19. cxb4 Qb8 
20. g3 Qxb4 21. Bd2 Qb5 22. Bc3 a5 23. Nc5 Bxc5 24. dxc5 Qxc5 25. b3 Ba6 
26. Qd2 Rfc8 27. Bd4 Qa3 28. Bc3 Qc5 29. Bd4 Qa3 30. Bb2 Qd6 31. Qxa5 d4 
32. Re1 d3 33. Qe5 Qf8 34. Qe7 Qxe7 35. Rxe7 f6 36. h4 Rc6 37. Bd4 Kf8 
38. Re4 Rc2 39. Be3 Bb7 40. Rd4 h5 41. Rxd3 Raxa2 42. Rxc2 Rxc2 43. b4 Bc6 
44. Ra3 Kg8 45. Bd4 Rd2 46. Bc5 Kf7 47. Rc3 Rb2 48. Bd4 Rxb4 49. Bxf6 Bxf3 
50. Bxg7 Kxg7 51. Rxf3 Rb2 52. Rf5 Kg6 53. Re5 Ra2 54. Rg5+ Kh6 55. Re5 Kg6 
56. Rg5+ Kh6 57. Rb5 Kg6 58. Kf1 Kh6 59. Rb1 Ra3 60. Kg2 Ra2+ 61. Kh3 Kg6 
62. Rb5 Ra1 63. Rd5 Rb1 64. Kh2 Kh6 65. Rd6+ Kh7 66. Kg2 Ra1 67. Kf2 Ra2+ 
68. Ke1 Ra1+ 69. Kf2 Ra2+ 70. Ke1 Ra1+ 71. Kd2 Ra3 72. Rd3 Ra1 73. Rf3 Kg7 
74. Rc3 Rb1 75. Ra3 Kg6 76. Ke3 Rb5 77. Ra6+ Kg7 78. Ra3 Rb1 79. Rc3 Kh6 
80. Rc6+ Kh7 81. Rc4 Kh6 82. Kf3 Kg6 83. Rc6+ Kg7 84. Rc3 Ra1 85. Re3 Kh6 
86. Kf4 Ra4+ 87. Kf5 Kg7 88. Rd3 Ra5+ 89. Kf4 Ra4+ 90. Kf3 Ra1 91. Rc3 Rf1+ 
92. Ke2 Ra1 93. Rb3 Kg6 94. Rd3 Ra6 95. Kf3 Rf6+ 96. Kg2 Ra6 97. g4 hxg4 
98. Kg3 Ra5 99. Kxg4 Kh6 100. Kf3 Kh5 1/2-1/2

[Event "Tuesday 30 January Rapid Engine Tour 12+1 Rounds 9 Starts 1600 ST"]
[Site "Infinity Chess"]
[Date "2018.1.30"]
[Round "3"]
[White "RonWeasley"]
[Black "Wolle"]
[Result "1/2-1/2"]
[ECO "C53"]
[WhiteElo "2450"]
[BlackElo "2469"]
[WhiteEngine "BrainFish 060118_CTG"]
[BlackEngine "Raubfisch X37a2_CTG"]
[EventType "Swiss"]
[WhiteTeam ""]
[BlackTeam ""]
[PlyCount "91"]
[TimeControl "720+1"]

1. e4 e5 2. Nf3 Nc6 3. Bc4 Bc5 4. c3 Nf6 5. d3 d6 6. Bb3 O-O 7. O-O a5 8. Bg5 h6 
9. Bh4 g5 10. Bg3 g4 11. Nh4 Nh5 12. a4 Qg5 13. Na3 Bd7 14. Re1 Qf6 15. Kh1 Rae8 
16. Nc2 Bb6 17. Ne3 Bxe3 18. Rxe3 Ne7 19. d4 Nxg3+ 20. fxg3 exd4 21. cxd4 Nc6 
22. d5 Nb4 23. Qe2 Qg5 24. Rf1 Re7 25. Rf4 Rfe8 26. Qf2 h5 27. Kg1 Qh6 
28. Qe2 Qh7 29. Bc4 Re5 30. h3 R8e7 31. Kh2 Kf8 32. b3 Ke8 33. Qe1 Kd8 
34. Re2 f5 35. Nxf5 Bxf5 36. Rxf5 Rxf5 37. exf5 Rxe2 38. Qxe2 Qxf5 39. Qd2 gxh3 
40. gxh3 Ke7 41. h4 Kf7 42. Qh6 Qf2+ 43. Kh3 Qf5+ 44. Kh2 Qf2+ 45. Kh3 Qf5+ 
46. Kh2 1/2-1/2

[Event "Tuesday 30 January Rapid Engine Tour 12+1 Rounds 9 Starts 1600 ST"]
[Site "Infinity Chess"]
[Date "2018.1.30"]
[Round "3"]
[White "Katzenmaier"]
[Black "hafaba"]
[Result "1/2-1/2"]
[ECO "B00"]
[WhiteElo "2473"]
[BlackElo "2450"]
[WhiteEngine "SugaR XPrO x64 POPCNT"]
[BlackEngine "SF SL FA 26012018 POPCNT_CTG"]
[EventType "Swiss"]
[WhiteTeam ""]
[BlackTeam ""]
[PlyCount "85"]
[TimeControl "720+1"]

1. e4 Nc6 2. d4 d5 3. Nc3 dxe4 4. d5 Nb8 5. Nxe4 c6 6. Bc4 cxd5 7. Qxd5 Qxd5 
8. Bxd5 e6 9. Bc4 Nf6 10. Nxf6+ gxf6 11. Be3 Nd7 12. O-O-O Bc5 13. Bxc5 Nxc5 
14. Nf3 e5 15. Nd2 Be6 16. Rhe1 Ke7 17. Nb3 Rac8 18. Nxc5 Rxc5 19. Bxe6 fxe6 
20. Re3 Rc7 21. Rde1 Rg8 22. g3 h5 23. c3 Kf7 24. Rf3 Rc5 25. Rd3 Rd5 
26. Kc2 Rgd8 27. Red1 Ke7 28. R3d2 b5 29. Rxd5 Rxd5 30. f3 f5 31. a4 a6 
32. b3 bxa4 33. bxa4 Rc5 34. Kb3 Kf6 35. c4 e4 36. fxe4 fxe4 37. Re1 Ke5 
38. Kb4 Rc8 39. c5 Kd4 40. Rd1+ Ke5 41. Re1 Kd5 42. Rd1+ Ke5 43. Re1 1/2-1/2

[Event "Tuesday 30 January Rapid Engine Tour 12+1 Rounds 9 Starts 1600 ST"]
[Site "Infinity Chess"]
[Date "2018.1.30"]
[Round "3"]
[White "Eman"]
[Black "Neoxium"]
[Result "1/2-1/2"]
[ECO "A47"]
[WhiteElo "2474"]
[BlackElo "2488"]
[WhiteEngine "Eman 1.68c 64-bit POPCNT"]
[BlackEngine "Stockfish SL FA PB BMI2"]
[EventType "Swiss"]
[WhiteTeam ""]
[BlackTeam ""]
[PlyCount "94"]
[TimeControl "720+1"]

1. d4 Nf6 2. Nf3 b6 3. g3 Bb7 4. c4 e6 5. Bg2 Bb4+ 6. Bd2 Bxd2+ 7. Qxd2 O-O 
8. Nc3 d5 9. cxd5 exd5 10. O-O Nbd7 11. Rac1 Re8 12. Rfd1 c6 13. Qc2 Qe7 
14. Ne1 a5 15. Nd3 h6 16. e3 Ba6 17. h4 Rac8 18. Bh3 g6 19. Nf4 Kg7 20. Re1 Rcd8 
21. Bg2 Nf8 22. Na4 N8d7 23. Nc3 Nf8 24. Na4 N8d7 25. a3 Bb7 26. Nc3 g5 
27. hxg5 hxg5 28. Nd3 Qd6 29. b4 Ba6 30. Qb1 Qe6 31. b5 cxb5 32. Nxb5 Qf5 
33. f3 Qg6 34. Rc3 Rh8 35. Ne5 Nxe5 36. dxe5 Bxb5 37. Qxb5 Nd7 38. Rc6 Qf5 
39. Rd6 Nxe5 40. Rxd8 Rxd8 41. Qxb6 Nxf3+ 42. Bxf3 Qxf3 43. Qxd8 Qxg3+ 
44. Kf1 Qf3+ 45. Kg1 Qg3+ 46. Kf1 Qf3+ 47. Kg1 Qg3+ 1/2-1/2

[Event "Tuesday 30 January Rapid Engine Tour 12+1 Rounds 9 Starts 1600 ST"]
[Site "Infinity Chess"]
[Date "2018.1.30"]
[Round "3"]
[White "MCDermont"]
[Black "KRAKEN"]
[Result "1/2-1/2"]
[ECO "C53"]
[WhiteElo "2498"]
[BlackElo "2482"]
[WhiteEngine "BrainFish 060118_CTG"]
[BlackEngine "Raubfisch ME262_GTZ16c_CTG"]
[EventType "Swiss"]
[WhiteTeam ""]
[BlackTeam ""]
[PlyCount "30"]
[TimeControl "720+1"]

1. e4 e5 2. Nf3 Nc6 3. Bc4 Bc5 4. c3 Nf6 5. d3 O-O 6. O-O d6 7. Bb3 h6 
8. Nbd2 a5 9. h3 b5 10. a4 b4 11. Bc4 Qe7 12. Bb5 Na7 13. Bc4 Nc6 14. Bb5 Na7 
15. Bc4 Nc6 1/2-1/2

[Event "Tuesday 30 January Rapid Engine Tour 12+1 Rounds 9 Starts 1600 ST"]
[Site "Infinity Chess"]
[Date "2018.1.30"]
[Round "3"]
[White "tris77"]
[Black "Marsell"]
[Result "1-0"]
[ECO "C77"]
[WhiteElo "2385"]
[BlackElo "2483"]
[WhiteEngine "stockfish_18012814_x64_modern_CTG"]
[BlackEngine "asmFishW_2018-01-11_popcnt"]
[EventType "Swiss"]
[WhiteTeam ""]
[BlackTeam ""]
[PlyCount "205"]
[TimeControl "720+1"]

1. e4 e5 2. Nf3 Nc6 3. Bb5 a6 4. Ba4 Nf6 5. O-O Be7 6. Re1 b5 7. Bb3 O-O 
8. c3 d5 9. exd5 Nxd5 10. Nxe5 Nxe5 11. Rxe5 c6 12. Re1 Bd6 13. d4 Qh4 
14. g3 Qh3 15. Qe2 Bg4 16. Qf1 Qh5 17. Nd2 Rae8 18. f3 Rxe1 19. Qxe1 Bxf3 
20. Nxf3 Qxf3 21. Bd2 Qg4 22. a4 Qd7 23. Qf2 Rb8 24. Rf1 Bf8 25. a5 g6 
26. Qe2 Re8 27. Qd3 Qc7 28. Qf3 Qd7 29. Kh1 Re6 30. Qd3 Rf6 31. Rxf6 Nxf6 
32. Qf3 Bg7 33. Bg5 Nd5 34. Kg2 h6 35. Bd2 Qe6 36. Kh1 h5 37. Kg1 Bf6 38. Kf2 h4 
39. Kg1 hxg3 40. hxg3 Kf8 41. Bc2 Bd8 42. b4 Nf6 43. Qe3 Qa2 44. Qe2 Kg8 
45. Bd1 Ne4 46. Be1 Qd5 47. Bb3 Qxb3 48. Qxe4 Qd5 49. Qg4 Kg7 50. Qc8 Be7 
51. Qxa6 Qf3 52. Qc8 Bg5 53. Bf2 Be3 54. Bxe3 Qxe3+ 55. Kg2 Qxc3 56. a6 Qxd4 
57. Qxc6 Qd2+ 58. Kf1 Qxb4 59. Qb7 Qb3 60. Kg2 Qa2+ 61. Kh1 Qa1+ 62. Kh2 b4 
63. a7 Qa2+ 64. Kh3 Qe6+ 65. Kg2 Qa2+ 66. Kg1 Qb1+ 67. Kf2 Qc2+ 68. Ke1 Qc1+ 
69. Kf2 Qd2+ 70. Kf3 Qd1+ 71. Kf2 Qc2+ 72. Ke1 Qb1+ 73. Kd2 Qb2+ 74. Ke3 Qc3+ 
75. Kf4 Qc4+ 76. Ke3 Qc5+ 77. Kf3 Qf5+ 78. Kg2 Qc2+ 79. Kf1 Qd1+ 80. Kg2 Qd2+ 
81. Kh3 Qh6+ 82. Kg2 Qd2+ 83. Kf1 Qc3 84. a8=Q Qd3+ 85. Kf2 Qc2+ 86. Ke3 Qc1+ 
87. Kd4 Qc3+ 88. Kd5 Qf3+ 89. Kc5 Qc3+ 90. Kb5 b3 91. Qe7 Qd3+ 92. Kc5 Qc3+ 
93. Kd6 Qxg3+ 94. Qe5+ Qxe5+ 95. Kxe5 f6+ 96. Ke6 b2 97. Qb8 b1=Q 98. Qxb1 f5 
99. Qb2+ Kh6 100. Kf6 Kh5 101. Qd4 f4 102. Qxf4 g5 103. Qxg5# 1-0

[Event "Tuesday 30 January Rapid Engine Tour 12+1 Rounds 9 Starts 1600 ST"]
[Site "Infinity Chess"]
[Date "2018.1.30"]
[Round "3"]
[White "SkyPilot"]
[Black "MarioDeMonti"]
[Result "1/2-1/2"]
[ECO "C55"]
[WhiteElo "2493"]
[BlackElo "2477"]
[WhiteEngine "stockfish_x64_bmi2_2018_01_23_CTG"]
[BlackEngine "stockfish_x64_bmi2_2018_01_23_CTG"]
[EventType "Swiss"]
[WhiteTeam ""]
[BlackTeam ""]
[PlyCount "127"]
[TimeControl "720+1"]

1. e4 e5 2. Nf3 Nc6 3. Bc4 Nf6 4. d3 Bc5 5. c3 d6 6. O-O a5 7. Re1 h6 8. h3 O-O 
9. Nbd2 Be6 10. a4 Ba7 11. b3 d5 12. exd5 Nxd5 13. Ne4 Bb6 14. Qd2 Re8 
15. Bb5 Nf6 16. Rb1 Nxe4 17. dxe4 Qf6 18. Qe2 Red8 19. Bxc6 bxc6 20. c4 Bd4 
21. Nxd4 exd4 22. Qd3 c5 23. Qg3 Ra6 24. Qxc7 Rc8 25. Qg3 Bd7 26. h4 Qe7 
27. Bf4 Rg6 28. Qh2 Rb6 29. f3 Be8 30. g4 Qb7 31. Qc2 h5 32. gxh5 f5 33. h6 fxe4 
34. Qxe4 Qxe4 35. fxe4 gxh6 36. e5 Rg6+ 37. Kh2 Kf7 38. Bd2 Ke6 39. Rf1 Bc6 
40. Rf6+ Rxf6 41. exf6 Kxf6 42. Bxh6 Be4 43. Rf1+ Ke6 44. Re1 Kf5 45. Rf1+ Ke6 
46. Bg5 Rg8 47. Re1 Ke5 48. Kg3 d3 49. Kf2 Rf8+ 50. Kg3 Rf3+ 51. Kg4 Rf2 
52. Be3 Rg2+ 53. Kh3 Ra2 54. h5 Re2 55. Rxe2 dxe2 56. Bd2 Kf5 57. Kg3 Bc2 
58. Bxa5 Bxb3 59. h6 Kg6 60. Kf2 Bxc4 61. Bd2 Bd3 62. h7 Kxh7 63. a5 e1=Q+ 
64. Kxe1 1/2-1/2

[Event "Tuesday 30 January Rapid Engine Tour 12+1 Rounds 9 Starts 1600 ST"]
[Site "Infinity Chess"]
[Date "2018.1.30"]
[Round "2"]
[White "Dinkelberger"]
[Black "Paul"]
[Result "1-0"]
[ECO "B95"]
[WhiteElo "2370"]
[BlackElo "2416"]
[WhiteEngine "stockfish_18012814_x64_modern_CTG"]
[BlackEngine "Stockfish dev_CTG"]
[EventType "Swiss"]
[WhiteTeam ""]
[BlackTeam ""]
[PlyCount "215"]
[TimeControl "720+1"]

1. e4 c5 2. Nf3 d6 3. d4 cxd4 4. Nxd4 Nf6 5. Nc3 a6 6. Bg5 e6 7. Qf3 Be7 
8. Be2 Qc7 9. a4 Nc6 10. Nxc6 bxc6 11. Qg3 O-O 12. O-O Kh8 13. a5 Rb8 14. b3 c5 
15. Rfe1 Rd8 16. Bf1 h6 17. Bd2 Bb7 18. Qf3 d5 19. exd5 exd5 20. Bf4 Bd6 
21. Bxd6 Rxd6 22. Na4 Qxa5 23. Re7 Kg8 24. Qf4 Qd8 25. Rae1 Rc6 26. h4 Rcc8 
27. Bd3 c4 28. Bf5 Rc6 29. Bd7 Qc7 30. Qf5 Qd6 31. Bxc6 Bxc6 32. Qe5 Qxe5 
33. R7xe5 cxb3 34. cxb3 Rxb3 35. Nc5 Rb4 36. Nxa6 Rxh4 37. Re7 Rc4 38. Rc7 g5 
39. f3 Kf8 40. Nb8 Ba4 41. Rxc4 dxc4 42. Ra1 Bb3 43. Nc6 Nd5 44. g3 c3 
45. Nd4 Bc4 46. Ra5 Ke7 47. Rc5 Ba2 48. Nb5 f5 49. Nxc3 Nxc3 50. Rxc3 f4 
51. gxf4 gxf4 52. Rc1 Kd6 53. Re1 Bd5 54. Kf2 h5 55. Kg2 h4 56. Rh1 h3+ 
57. Rxh3 Be6 58. Rh5 Bd7 59. Rh8 Be6 60. Rh5 Bd7 61. Rh4 Ke5 62. Rh7 Be6 
63. Rh5+ Kd4 64. Rh6 Kd5 65. Rh5+ Kd4 66. Rh1 Ke5 67. Kf2 Bd7 68. Rh7 Be6 
69. Rh1 Bd7 70. Rh5+ Kd4 71. Rh6 Kd5 72. Ke2 Ke5 73. Kd3 Bb5+ 74. Kd2 Bc4 
75. Rh5+ Ke6 76. Ke1 Kf6 77. Ra5 Bb3 78. Kf2 Bf7 79. Ke2 Bc4+ 80. Kd2 Bf1 
81. Ra2 Bg2 82. Ke2 Bh3 83. Kd3 Bf5+ 84. Kd4 Bh7 85. Ra6+ Kf5 86. Ra5+ Ke6 
87. Ra6+ Kf5 88. Ra8 Ke6 89. Re8+ Kf7 90. Rh8 Kg7 91. Rc8 Bf5 92. Rc6 Bg6 
93. Ke5 Be8 94. Rf6 Ba4 95. Rxf4 Bd7 96. Rf6 Bh3 97. f4 Bg2 98. f5 Bf1 
99. Rc6 Be2 100. Ke6 Bg4 101. Rc4 Bh3 102. Rh4 Bf1 103. f6+ Kg6 104. f7 Be2 
105. f8=Q Bg4+ 106. Rxg4+ Kh5 107. Qf5+ Kh6 108. Qg6# 1-0

[Event "Tuesday 30 January Rapid Engine Tour 12+1 Rounds 9 Starts 1600 ST"]
[Site "Infinity Chess"]
[Date "2018.1.30"]
[Round "2"]
[White "aficionado"]
[Black "Vimtiroba"]
[Result "1/2-1/2"]
[ECO "C50"]
[WhiteElo "2080"]
[BlackElo "2466"]
[WhiteEngine "asmFishW_2017-12-20_base_CTG"]
[BlackEngine "Corchess 2.0a_CTG"]
[EventType "Swiss"]
[WhiteTeam ""]
[BlackTeam ""]
[PlyCount "33"]
[TimeControl "720+1"]

1. e4 e5 2. Nf3 Nc6 3. Bc4 Bc5 4. O-O Nf6 5. d3 a6 6. c3 Ba7 7. Re1 d6 8. a4 O-O 
9. Bb3 h6 10. Nbd2 Nh5 11. Nf1 Qf6 12. a5 Ne7 13. h3 Qg6 14. Nh4 Qf6 15. Nf3 Qg6 
16. Nh4 Qf6 17. Nf3 1/2-1/2

[Event "Tuesday 30 January Rapid Engine Tour 12+1 Rounds 9 Starts 1600 ST"]
[Site "Infinity Chess"]
[Date "2018.1.30"]
[Round "2"]
[White "ludimilojko"]
[Black "tris77"]
[Result "0-1"]
[ECO "A01"]
[WhiteElo "2313"]
[BlackElo "2371"]
[WhiteEngine "corchess_x64_CTG"]
[BlackEngine "stockfish_18012814_x64_modern_CTG"]
[EventType "Swiss"]
[WhiteTeam ""]
[BlackTeam ""]
[PlyCount "138"]
[TimeControl "720+1"]

1. b3 e5 2. Bb2 Nc6 3. e3 Nf6 4. Bb5 Bd6 5. Na3 e4 6. Nc4 Be7 7. Bxc6 bxc6 
8. Ne2 O-O 9. d3 Re8 10. O-O d5 11. Na5 Qd7 12. Qd2 Rb8 13. Rfd1 Rb6 
14. Bxf6 Bxf6 15. d4 Bg5 16. c4 Re6 17. Ng3 Rh6 18. h3 Be7 19. c5 Rb8 20. Kh2 g5 
21. Rdb1 Ba6 22. b4 f5 23. Ne2 Rf8 24. Rb3 Bxe2 25. Qxe2 f4 26. exf4 gxf4 
27. f3 Bh4 28. Rb2 Kh8 29. Qf1 Bg3+ 30. Kg1 Rg8 31. Nb3 e3 32. Kh1 Bf2 
33. Rxf2 exf2 34. Kh2 Qe6 35. Rd1 Rxh3+ 36. gxh3 Rg1 37. Qxg1 fxg1=Q+ 
38. Rxg1 Qe2+ 39. Rg2 Qxf3 40. Kg1 Qd1+ 41. Kf2 Qc2+ 42. Kg1 Qb1+ 43. Kh2 Qe1 
44. Nd2 Qe3 45. Nf1 Qxd4 46. a3 f3 47. Ra2 Qd3 48. Kg1 Qb3 49. Rf2 Qxa3 
50. Rd2 Qxb4 51. Kf2 Qxc5+ 52. Kxf3 d4 53. Kg2 Qd5+ 54. Kf2 Qf5+ 55. Ke1 c5 
56. Ng3 Qxh3 57. Nf1 Qh4+ 58. Kd1 c4 59. Re2 d3 60. Re8+ Kg7 61. Re3 Qf2 
62. Rg3+ Kf8 63. Nd2 Qxg3 64. Nxc4 Qg2 65. Nd2 c5 66. Kc1 c4 67. Kd1 c3 
68. Kc1 Qxd2+ 69. Kb1 Qb2# 0-1

[Event "Tuesday 30 January Rapid Engine Tour 12+1 Rounds 9 Starts 1600 ST"]
[Site "Infinity Chess"]
[Date "2018.1.30"]
[Round "2"]
[White "Ryzen"]
[Black "Satria_Ungu"]
[Result "1/2-1/2"]
[ECO "C50"]
[WhiteElo "2392"]
[BlackElo "2372"]
[WhiteEngine "Houdini 6"]
[BlackEngine "Houdini 6_CTG"]
[EventType "Swiss"]
[WhiteTeam ""]
[BlackTeam ""]
[PlyCount "204"]
[TimeControl "720+1"]

1. e4 e5 2. Nf3 Nc6 3. Bc4 Bc5 4. O-O Nf6 5. d3 h6 6. Nc3 O-O 7. h3 d6 
8. Na4 Na5 9. Bd5 Bb6 10. a3 Nc6 11. Ba2 Re8 12. b4 Be6 13. Bxe6 Rxe6 14. c4 Nd4 
15. Nxb6 Nxf3+ 16. Qxf3 axb6 17. Bb2 Qd7 18. Rac1 Rc8 19. b5 c6 20. a4 Qd8 
21. Qe3 Ra8 22. Ra1 Nd7 23. Ra3 Nc5 24. Rfa1 Qd7 25. Qf3 Rg6 26. d4 exd4 
27. Bxd4 Qe8 28. Re1 d5 29. cxd5 cxd5 30. e5 Ne6 31. Bxb6 Qe7 32. Raa1 Ng5 
33. Qe3 Nxh3+ 34. Qxh3 Rxb6 35. Qb3 Qc5 36. Rec1 Qd4 37. a5 Qxe5 38. Re1 Qf6 
39. Qxd5 Re6 40. Qa2 Rd6 41. Rad1 Qc3 42. Qa1 Qxa1 43. Rxa1 Kf8 44. g3 Rd5 
45. Reb1 Ke7 46. Kg2 Ra7 47. Kf3 Ke6 48. Ke4 f5+ 49. Kf3 Kf6 50. Ra4 Rd6 
51. Kg2 Rd5 52. Ra2 Rd6 53. Rb3 Rd5 54. Rb4 Rd6 55. Kf3 Rd5 56. Ra3 Rd6 
57. Rb2 Ra8 58. Kg2 Ra7 59. Ra4 Rd5 60. Rb1 Kg5 61. Rb3 Kf6 62. Raa3 Rd6 
63. Kf3 Rd5 64. Ke3 Ke6 65. Ke2 Kf6 66. Ra4 Kg5 67. Ke3 Kf6 68. Rb2 Ke7 
69. Ra3 Ke6 70. Raa2 Rd6 71. Kf3 Kf6 72. Rb3 Rd5 73. Kg2 Rd6 74. f4 Rd5 
75. Kf3 g5 76. Ke3 Kg6 77. Rb1 Rd6 78. Rb4 Rd5 79. Rb3 Kf6 80. Kf3 Rd6 
81. Raa3 Kg6 82. Re3 Kf6 83. Rec3 Rd5 84. Rcb3 Kg6 85. Rb2 Kf6 86. Kf2 gxf4 
87. gxf4 h5 88. Kg3 Rd4 89. Rbb3 h4+ 90. Kxh4 Rxf4+ 91. Kg3 Rg4+ 92. Kf2 Rh4 
93. a6 Rf4+ 94. Ke3 Re4+ 95. Kd2 bxa6 96. bxa6 Re6 97. Rh3 Rd6+ 98. Ke2 Kg7 
99. Rag3+ Rg6 100. Rxg6+ Kxg6 101. Re3 Rxa6 102. Rg3+ Kf6 1/2-1/2

[Event "Tuesday 30 January Rapid Engine Tour 12+1 Rounds 9 Starts 1600 ST"]
[Site "Infinity Chess"]
[Date "2018.1.30"]
[Round "2"]
[White "star99"]
[Black "Thinker"]
[Result "1/2-1/2"]
[ECO "D37"]
[WhiteElo "2392"]
[BlackElo "2398"]
[WhiteEngine "Cryptic AIL V2"]
[BlackEngine "stockfish_18013009_x64_modern_CTG"]
[EventType "Swiss"]
[WhiteTeam ""]
[BlackTeam ""]
[PlyCount "117"]
[TimeControl "720+1"]

1. d4 d5 2. c4 e6 3. Nc3 Nf6 4. Nf3 Be7 5. Bf4 O-O 6. e3 Nbd7 7. cxd5 Nxd5 
8. Nxd5 exd5 9. a3 Nf6 10. Qc2 c6 11. Bd3 Bg4 12. h3 Bxf3 13. gxf3 Bd6 
14. Be5 Rc8 15. Rc1 g6 16. f4 Bxe5 17. dxe5 Nh5 18. h4 d4 19. Be2 dxe3 
20. fxe3 Ng3 21. Rh3 Nxe2 22. Kxe2 Qd7 23. Rg3 Rfd8 24. h5 Kf8 25. hxg6 hxg6 
26. Rh1 c5 27. Qc4 b5 28. Qe4 c4 29. Kf3 Qc6 30. Qxc6 Rxc6 31. Rh8+ Ke7 
32. Rxd8 Kxd8 33. Rg2 Ke7 34. Rc2 a6 35. Rc1 f6 36. exf6+ Rxf6 37. Rh1 g5 
38. Rh5 gxf4 39. exf4 Rc6 40. Ke4 c3 41. bxc3 Rxc3 42. Rh7+ Kf8 43. f5 Rxa3 
44. Rb7 Ke8 45. Rb8+ Kd7 46. Rb6 Ra4+ 47. Kd5 Kc7 48. Rh6 Ra2 49. Rh7+ Kb6 
50. f6 b4 51. f7 Rf2 52. Ke6 Re2+ 53. Kd5 Rf2 54. Rh6+ Kb5 55. Ke6 Re2+ 
56. Kd7 Rf2 57. Ke6 Re2+ 58. Kd5 Rf2 59. Ke6 1/2-1/2

[Event "Tuesday 30 January Rapid Engine Tour 12+1 Rounds 9 Starts 1600 ST"]
[Site "Infinity Chess"]
[Date "2018.1.30"]
[Round "2"]
[White "IronMan"]
[Black "KULLANI"]
[Result "1/2-1/2"]
[ECO "C77"]
[WhiteElo "2411"]
[BlackElo "2426"]
[WhiteEngine "Eman 1.68c 64-bit BMI2"]
[BlackEngine "BrainFish_180124_x64_CTG"]
[EventType "Swiss"]
[WhiteTeam ""]
[BlackTeam ""]
[PlyCount "158"]
[TimeControl "720+1"]

1. e4 e5 2. Nf3 Nc6 3. Bb5 a6 4. Ba4 Nf6 5. O-O Be7 6. Re1 b5 7. Bb3 O-O 
8. a4 b4 9. a5 d6 10. c3 Rb8 11. h3 Rb5 12. cxb4 Rxb4 13. d3 Be6 14. Bxe6 fxe6 
15. Bd2 Rb7 16. Qc2 Nb4 17. Qb3 Qd7 18. Nc3 Rfb8 19. Na4 Rb5 20. d4 Nc6 
21. Qe3 h6 22. dxe5 dxe5 23. Qe2 Bd6 24. Nc3 Rxb2 25. Qxa6 Nd4 26. Red1 Nxf3+ 
27. gxf3 Nh5 28. Be3 Qf7 29. Qf1 Qxf3 30. Qg2 Qf7 31. Rdb1 Rxb1+ 32. Nxb1 Nf4 
33. Qf3 Bb4 34. a6 Qd7 35. Bxf4 exf4 36. Qb3 c5 37. Nc3 Qc6 38. a7 Ra8 
39. Kg2 Kh7 40. Ne2 Qxe4+ 41. Qf3 Qxf3+ 42. Kxf3 g5 43. h4 Kg7 44. hxg5 hxg5 
45. Kg4 Kf6 46. Ra6 Be1 47. Ng1 Bxf2 48. Nf3 Be3 49. Nxg5 Ke5 50. Nxe6 c4 
51. Kf3 c3 52. Rc6 Kd5 53. Nxf4+ Kxc6 54. Kxe3 Rxa7 55. Ne2 Ra3 56. Nd4+ Kd5 
57. Nc2 Ra7 58. Kd3 Rc7 59. Na3 Rc6 60. Nc2 Kd6 61. Nb4 Rc5 62. Nc2 Rc8 
63. Ne3 Ke6 64. Nc2 Rc5 65. Nd4+ Kd5 66. Nc2 Rc7 67. Ne3+ Kd6 68. Kc2 Ke5 
69. Kd3 Kd6 70. Nc2 Rc8 71. Ne3 Ke5 72. Nc2 Kf4 73. Nd4 Kg5 74. Kc2 Kf6 
75. Kd3 Kg6 76. Nc2 Rc7 77. Ne3 Rc8 78. Kc2 Kf6 79. Kd3 Kf7 1/2-1/2

[Event "Tuesday 30 January Rapid Engine Tour 12+1 Rounds 9 Starts 1600 ST"]
[Site "Infinity Chess"]
[Date "2018.1.30"]
[Round "2"]
[White "BraveDevil"]
[Black "KhalidOmar"]
[Result "1/2-1/2"]
[ECO "B23"]
[WhiteElo "2427"]
[BlackElo "2445"]
[WhiteEngine "Cryptic AIL V2"]
[BlackEngine "Eman 1.68c 64-bit BMI2"]
[EventType "Swiss"]
[WhiteTeam ""]
[BlackTeam ""]
[PlyCount "113"]
[TimeControl "720+1"]

1. e4 c5 2. Nc3 d6 3. Nf3 Nf6 4. d4 cxd4 5. Nxd4 a6 6. Bg5 e6 7. f4 Qb6 
8. Nb3 Be7 9. Qd2 Nbd7 10. O-O-O Qc7 11. Bxf6 Nxf6 12. g4 g5 13. fxg5 Nxg4 
14. Rg1 Ne5 15. Rg3 Bd7 16. h4 h6 17. gxh6 Bf8 18. Kb1 Rxh6 19. Rh3 O-O-O 
20. h5 Kb8 21. Be2 Rh7 22. a3 Be7 23. Qf4 Rc8 24. Rg3 Be8 25. Qf1 Nd7 
26. Rd4 Ne5 27. Rg8 Bd7 28. Rxc8+ Bxc8 29. Qf2 Rg7 30. Rd1 Nd7 31. Rg1 Bg5 
32. Nd2 Qc5 33. Qxc5 dxc5 34. Nc4 Bf6 35. Rf1 Kc7 36. a4 b6 37. Bd3 Be5 
38. Nxe5 Nxe5 39. Kc1 Kd7 40. Kd2 Bb7 41. Be2 Kd6 42. Rh1 Ke7 43. Ke3 f6 
44. Rh4 Kf8 45. Kf2 Rg8 46. Rh1 c4 47. Ke3 Rg3+ 48. Kd4 Kg7 49. h6+ Kh7 
50. Rf1 a5 51. Rxf6 Nc6+ 52. Kxc4 Ba6+ 53. Nb5 Ne5+ 54. Kd4 Nc6+ 55. Kc4 Ne5+ 
56. Kd4 Nc6+ 57. Kc4 1/2-1/2